 Dungeon Crawl Stone Soup version 0.19-b1-4-gd8a0a2a (webtiles) character file.

21961 Inkary the Blocker (level 13, -2/105 HPs)
             Began as a Formicid Fighter on Oct 30, 2016.
             Was an Elder of Uskayaw.
             Slain by an orc warlord
             ... wielding a +0 long sword
              (30 damage)
             ... on level 1 of the Orcish Mines.
             The game lasted 00:37:24 (14601 turns).

Inkary the Blocker (Formicid Fighter)              Turns: 14601, Time: 00:37:25

Health: -2/105     AC: 17    Str: 25    XL:     13   Next: 23%
Magic:  10/16      EV: 11    Int:  9    God:    Uskayaw [****..]
Gold:   796        SH: 12    Dex:  8    Spells: 0 memorised, 12 levels left

rFire  . . .     SeeInvis +     g - +4 war axe
rCold  + . .     Gourm    .     n - +1 ring mail of Disguise {rElec rPois Dex-2}
rNeg   . . .     Faith    .     c - +0 shield
rPois  +         Spirit   .     (helmet unavailable)
rElec  +         Reflect  .     F - +0 cloak
rCorr  .         Harm     .     O - +0 pair of gloves
MR     +....                    N - +1 pair of boots
Stlth  ..........               S - amulet of regeneration
                                z - +3 ring of protection
                                B - ring of protection from cold

@: no status effects
A: permanent stasis, dig shafts and tunnels, four strong arms, antennae 3,
talons 1, yellow scales 2, blurry vision 1, deformed body, low mp 2, slow
regeneration 1, sturdy frame 1
a: Dig, Shaft Self, Stomp, Line Pass, Renounce Religion


You were on level 1 of the Orcish Mines.
You worshipped Uskayaw.
Uskayaw was aware of your devotion.
You were hungry.

You visited 4 branches of the dungeon, and saw 16 of its levels.
You also visited: Ossuary.

You collected 1111 gold pieces.
You spent 315 gold pieces at shops.

Inventory:

Hand Weapons
 g - a +4 war axe (weapon)
Missiles
 P - 2 throwing nets (quivered)
Armour
 b - a +2 scale mail
 c - a +0 shield (worn)
 n - the +1 ring mail of Disguise (worn) {rElec rPois Dex-2}
   (You found it on level 5 of the Dungeon)

   It affects your dexterity (-2).
   It insulates you from electricity.
   It protects you from poison.
 F - a +0 cloak (worn)
 N - a +1 pair of boots (worn)
 O - a +0 pair of gloves (worn)
Jewellery
 a - an uncursed ring of positive energy
 u - an uncursed amulet of harm
 z - a +3 ring of protection (right hand)
 B - a ring of protection from cold (left hand)
 G - an uncursed amulet of guardian spirit
 S - an amulet of regeneration (around neck)
Wands
 e - a wand of teleportation (1/9)
 k - a wand of confusion (32/48)
 r - a wand of digging (9/24)
 A - a wand of iceblast (14/15)
 I - a wand of teleportation (4/9)
 Q - a wand of flame (31/48)
Scrolls
 l - a scroll of recharging
 m - a scroll of magic mapping
 q - 8 scrolls of remove curse
 t - 5 scrolls of fog
 y - 2 scrolls of silence
 E - 2 scrolls of amnesia
 L - a scroll of immolation
 R - a scroll of enchant weapon
Potions
 i - a potion of magic
 j - 2 potions of invisibility
 o - 2 potions of resistance
 p - a potion of cancellation
 v - 3 potions of brilliance
 w - 6 potions of curing
 x - 2 potions of lignification
 C - 6 potions of heal wounds
 M - 2 potions of agility
Books
 d - a book of Necromancy

   Spells                             Type                      Level
   a - Pain                           Necromancy                   1
   b - Animate Skeleton               Necromancy                   1
   c - Vampiric Draining              Necromancy                   3
   d - Regeneration                   Charms/Necromancy            3
   e - Animate Dead                   Necromancy                   4
   f - Control Undead                 Necromancy                   4
 H - a book of Misfortune

   Spells                             Type                      Level
   a - Confusing Touch                Hexes                        1
   b - Confuse                        Hexes                        3
   c - Gell's Gravitas                Hexes/Translocation          3
   d - Petrify                        Transmutation/Earth          4
   e - Metabolic Englaciation         Hexes/Ice                    5
   f - Yara's Violent Unravelling     Hexes/Transmutation          5
 J - a book of Cantrips

   Spells                             Type                      Level
   a - Confusing Touch                Hexes                        1
   b - Animate Skeleton               Necromancy                   1
   c - Summon Small Mammal            Summoning                    1
   d - Apportation                    Translocation                1
Comestibles
 f - 12 bread rations
 h - 4 chunks of flesh
 s - 2 fruits
 D - 2 meat rations
 T - a slice of pizza


   Skills:
 + Level 10.9 Fighting
 - Level 11.1 Axes
 + Level 10.8 Armour
 + Level 11.4 Shields
 - Level 10.1 Invocations


You had 12 spell levels left.
You didn't know any spells.

Dungeon Overview and Level Annotations

Branches:
Dungeon (11/15)            Temple (1/1) D:6            Lair (2/6) D:11
    Orc (2/2) D:11
  Swamp: Lair:2-4    Shoals: Lair:2-4     Snake: Lair:2-4    Spider: Lair:2-4
    Elf: Orc:2

Altars:
Ashenzari
Cheibriados
Dithmenos
Elyvilon
Fedhas
Gozag
Hepliaklqana
Kikubaaqudgha
Makhleb
Nemelex Xobeh
Okawaru
Qazlal
Ru
Sif Muna
Trog
Uskayaw
Vehumet
Xom
Yredelemnul
Zin
The Shining One

Shops:
D:4 !   D:6 :?((!   D:7 !:=(   D:10 *

Annotations:
D:5 1 runed door
D:11 exclusion: ice statue


Innate Abilities, Weirdness & Mutations

You are under a permanent stasis effect.
You can dig through walls and to a lower floor.
Your four strong arms can wield two-handed weapons with a shield.
You have a pair of large antennae on your head. (SInv)
You have sharp toenails.
You are mostly covered in yellow scales. (AC +3)
Scrolls take you a little longer to read.
Armour fits poorly on your strangely shaped body.
Your magical capacity is very low. (-20% MP)
You regenerate slowly when monsters are visible.
Your movements are slightly less encumbered by armour. (ER -2)


Message History

You barely miss the orc warlord.
The orc warlord is heavily wounded.
You block the orc warlord's attack.
You barely miss the orc warlord.
The orc warlord is heavily wounded.
The orc warlord hits you but does no damage.
You hit the orc warlord but do no damage.
The orc warlord is heavily wounded.
The orc warlord hits you with a long sword!!
* * * LOW HITPOINT WARNING * * *
You hit the orc warlord.
The orc warlord is heavily wounded.
You barely miss the orc warlord.
The orc warlord is heavily wounded.
The orc warlord hits you with a long sword.
* * * LOW HITPOINT WARNING * * *
Unknown command.
You feel much better.
The orc warlord hits you with a long sword!!
You die...

####.......##............######
#.#........##............#.##.##
.............#...#..[..........##
#...................[......#....#
##.................).............
#...............................
##..).......................#.#.
#..............)............###
##)..##.#.....o@[...........##
##.#..##..####.#.....[.....#.###
#..#..##### ###.....[[........##
####..### ##..........#....#
#....### ##........####.##
#.....≈#########........# ###
###....##..#.........#.##
##.......≈........####
#...≈≈≈....##.....#


You could see an orc warlord.

Vanquished Creatures
  The ghost of appiemonkey the Fighter, a journeyman MiFi of Okawaru (Orc:2)
  An unseen horror (D:10)
  2 hill giants
  An orc knight (Orc:1)
  Pikel (D:4)
  2 orc sorcerers
  A manticore (D:11)
  Psyche (D:10)
  A black mamba (Lair:1)
  3 spiny frogs (Lair:1)
  A centaur skeleton (D:10)
  2 komodo dragons
  A rime drake (Lair:2)
  2 trolls
  2 hippogriffs
  Sigmund (D:2)
  29 yaks
  A spriggan (D:7)
  A wyvern (D:9)
  Grum (Lair:1)
  3 humans (D:10)
  2 basilisks
  A hungry ghost (D:11)
  3 wargs (Orc:2)
  Edmund (D:6)
  4 water moccasins
  2 porcupines
  4 ice beasts
  A slave (D:5)
  3 sky beasts
  19 orc warriors
  8 wolves (Lair:1)
  2 black bears
  9 ogres
  5 crocodiles
  5 centaurs
  A big kobold (D:10)
  An elf zombie (Ossuary)
  9 bullfrogs
  A gnoll sergeant (D:9)
  2 scorpions
  A howler monkey (D:7)
  9 wights
  An electric eel (D:7)
  4 crimson imps
  A quasit (D:11)
  10 orc priests
  3 centaur zombies
  Crazy Yiuf (D:4)
  11 hounds
  An iguana (D:8)
  16 orc wizards
  5 worker ants
  2 big kobold zombies (Ossuary)
  4 mummies (Ossuary)
  12 adders
  5 gnolls
  A howler monkey skeleton (D:4)
  2 shadow imps
  A white imp (D:9)
  An ooze (D:6)
  2 adder skeletons (D:9)
  An adder zombie (D:6)
  A worm (D:3)
  A dart slug (D:1)
  5 leopard geckos
  40 orcs
  A ball python (D:6)
  A bat zombie (D:5)
  3 giant cockroaches
  2 gnoll zombies (Ossuary)
  4 goblins
  6 hobgoblins
  7 jackals
  11 kobolds
  6 quokkas
  7 bats
  4 frilled lizards
  2 goblin zombies (Ossuary)
  A hobgoblin zombie (Ossuary)
  A jackal zombie (Ossuary)
  A kobold zombie (D:5)
  A leopard gecko skeleton (D:5)
  3 orc zombies (Ossuary)
  8 rats
  A rat zombie (D:5)
  A fungus (Lair:2)
353 creatures vanquished.

Vanquished Creatures (others)
  A quokka (D:9)
  A fungus (Lair:1)
  A plant (Lair:1)
3 creatures vanquished.

Grand Total: 356 creatures vanquished

Notes
Turn   | Place    | Note
-------+----------+-------------------------------------------
     0 | D:1      | Inkary the Formicid Fighter began the quest for the Orb.
     0 | D:1      | Reached XP level 1. HP: 18/18 MP: 1/1
   344 | D:1      | Reached XP level 2. HP: 24/24 MP: 2/2
   663 | D:2      | Reached XP level 3. HP: 21/29 MP: 3/3
  1289 | D:3      | Reached XP level 4. HP: 10/35 MP: 4/4
  1293 | D:3      | Reached XP level 5. HP: 10/41 MP: 5/5
  1684 | D:3      | Reached skill level 5 in Axes
  1955 | D:3      | Reached XP level 6. HP: 40/47 MP: 6/6
  2021 | D:3      | Noticed a moth of wrath
  2024 | D:3      | Found a bloodstained altar of Trog.
  2736 | D:4      | Found a stormy altar of Qazlal.
  2833 | D:4      | Noticed an ogre
  2843 | D:4      | Killed an ogre
  2928 | D:4      | Found Qygihic's Distillery.
  2937 | D:4      | Bought a potion of mutation for 35 gold pieces
  2937 | D:4      | Bought a potion of curing for 42 gold pieces
  2937 | D:4      | Bought a potion of heal wounds for 70 gold pieces
  2937 | D:4      | Gained mutation: You are partially covered in yellow scales. (AC +2) [potion of mutation]
  2937 | D:4      | Gained mutation: You have sharp toenails. [potion of mutation]
  2937 | D:4      | Gained mutation: You regenerate slowly when monsters are visible. [potion of mutation]
  2938 | D:4      | Gained mutation: Your magical capacity is low. (-10% MP) [potion of mutation]
  2938 | D:4      | Gained mutation: You are resistant to hostile enchantments. (MR+) [potion of mutation]
  2938 | D:4      | Gained mutation: Armour fits poorly on your strangely shaped body. [potion of mutation]
  2988 | D:4      | Reached XP level 7. HP: 49/52 MP: 6/6
  3300 | D:4      | Found a runed door.
  3309 | D:4      | Noticed Crazy Yiuf
  3316 | D:4      | Killed Crazy Yiuf
  3524 | D:5      | Entered Level 5 of the Dungeon
  3560 | D:5      | Found a sparkling altar of Nemelex Xobeh.
  3843 | D:5      | Found a runed door.
  3843 | D:5      | Noticed a human
  3851 | D:5      | Found a basalt altar of Yredelemnul.
  3936 | D:5      | Found an iron altar of Okawaru.
  3949 | D:5      | Got a warped ring mail
  3960 | D:5      | Identified the cursed +1 ring mail of Disguise {rElec rPois Dex-2} (You found it on level 5 of the Dungeon)
  4001 | D:5      | Reached XP level 8. HP: 32/58 MP: 7/7
  4003 | D:5      | Noticed Pikel
  4151 | D:4      | Killed Pikel
  4151 | D:4      | Reached skill level 10 in Axes
  4388 | D:5      | Found a shadowy altar of Dithmenos.
  4575 | D:5      | Found an ancient bone altar of Kikubaaqudgha.
  4590 | D:5      | Reached XP level 9. HP: 19/64 MP: 8/8
  4809 | D:6      | Found a staircase to the Ecumenical Temple.
  4817 | Temple   | Entered the Ecumenical Temple
  4887 | Temple   | Became a worshipper of Uskayaw the Reveler
  4985 | D:6      | Found Piere's Weapon Shop.
  4985 | D:6      | Found Asangyuv's Magic Scroll Shoppe.
  4991 | D:6      | Bought a scroll of fog for 22 gold pieces
  4997 | D:6      | Reached * piety under Uskayaw
  5001 | D:6      | Reached ** piety under Uskayaw
  5079 | D:6      | Noticed Edmund
  5080 | D:6      | Found a stormy altar of Qazlal.
  5094 | D:6      | Killed Edmund
  5099 | D:6      | Found Citogul's Weapon Emporium.
  5118 | D:6      | Found Kely's Distillery.
  5127 | D:6      | Bought a potion of degeneration for 15 gold pieces
  5304 | D:6      | Found Onophog's Book Boutique.
  5347 | D:6      | Reached skill level 1 in Invocations
  5352 | D:6      | Gained mutation: Your mind is acute. (Int +2) [mutagenic meat]
  5353 | D:6      | Lost mutation: Your mind is acute. (Int +2) [mutagenic meat]
  5355 | D:6      | Gained mutation: Your movements are slightly less encumbered by armour. (ER -2) [mutagenic meat]
  5366 | D:7      | Found a snail-covered altar of Cheibriados.
  5386 | D:7      | Found Xodielio's Jewellery Boutique.
  5745 | D:7      | Reached *** piety under Uskayaw
  5753 | D:7      | Reached **** piety under Uskayaw
  5906 | D:7      | Found a sacrificial altar of Ru.
  5935 | D:7      | Found a radiant altar of Vehumet.
  5996 | D:7      | Found Jyasidgh's Weapon Emporium.
  6027 | D:7      | Found Wudeuheub's Distillery.
  6032 | D:7      | Bought a potion of heal wounds for 80 gold pieces
  6075 | D:7      | Reached skill level 5 in Shields
  6140 | D:7      | Found Wonu's Book Shoppe.
  6536 | D:7      | Found Edwusof's Armour Shoppe.
  6637 | D:7      | Reached skill level 5 in Fighting
  6637 | D:7      | Reached XP level 10. HP: 68/74 MP: 11/11
  6666 | D:7      | Found a burning altar of Makhleb.
  6904 | D:8      | Reached skill level 5 in Armour
  7115 | D:8      | Found a sand-covered staircase.
  7120 | Ossuary  | Entered an ossuary
  7346 | D:8      | Reached skill level 5 in Invocations
  7420 | D:8      | You fall through a shaft for 3 floors!
  7420 | D:11     | Noticed a hill giant
  7427 | D:11     | Killed a hill giant
  7710 | D:11     | Reached ***** piety under Uskayaw
  7738 | D:11     | Noticed an ice devil
  7742 | D:11     | Noticed an ice devil
  7745 | D:11     | Noticed an ice devil
  7746 | D:11     | Noticed an ice devil
  7755 | D:11     | Noticed an ice devil
  7756 | D:11     | Noticed an ice statue
  7756 | D:11     | Noticed an ice devil
  7773 | D:10     | Entered Level 10 of the Dungeon
  7902 | D:9      | Reached XP level 11. HP: 36/84 MP: 14/14
  8100 | D:9      | Found an opulent altar of Gozag.
  8418 | D:9      | Found a white marble altar of Elyvilon.
  9446 | D:2      | Noticed Sigmund
  9450 | D:2      | Killed Sigmund
  9850 | D:10     | Found Wittemu's Assorted Antiques.
  9864 | D:10     | Bought a fizzy black potion for 24 gold pieces
  9864 | D:10     | Bought a scroll labeled COCEGGILOI for 27 gold pieces
  9888 | D:10     | Noticed an unseen horror
  9888 | D:10     | Killed an unseen horror
  9889 | D:10     | Noticed a hill giant
  9900 | D:10     | Killed a hill giant
 10150 | D:10     | Gained mutation: You are mostly covered in yellow scales. (AC +3) [mutagenic meat]
 10152 | D:10     | Gained mutation: Scrolls take you a little longer to read. [mutagenic meat]
 10153 | D:10     | Lost mutation: You are resistant to hostile enchantments. (MR+) [mutagenic meat]
 10155 | D:10     | Gained mutation: Your magical capacity is very low. (-20% MP) [mutagenic meat]
 10199 | D:10     | Found a runed door.
 10342 | D:10     | Noticed Psyche
 10357 | D:10     | Killed Psyche
 10365 | D:10     | Reached XP level 12. HP: 94/94 MP: 14/14
 10369 | D:10     | Reached ****** piety under Uskayaw
 10524 | D:10     | Found a runed door.
 10530 | D:10     | Found a runed door.
 11160 | D:11     | Found a staircase to the Orcish Mines.
 11160 | D:11     | Found a staircase to the Lair.
 11346 | D:11     | Noticed a seven-headed hydra
 11906 | Lair:1   | Entered Level 1 of the Lair of Beasts
 11931 | Lair:1   | Reached skill level 10 in Shields
 12258 | Lair:1   | Noticed Grum
 12265 | Lair:1   | Killed Grum
 12827 | Lair:1   | Reached skill level 10 in Fighting
 13215 | Lair:2   | Reached skill level 10 in Armour
 13498 | Lair:2   | Noticed a six-headed hydra
 13747 | Orc:1    | Entered Level 1 of the Orcish Mines
 13836 | Orc:1    | Reached skill level 10 in Invocations
 14060 | Orc:1    | Reached XP level 13. HP: 75/104 MP: 13/16
 14204 | Orc:2    | Entered Level 2 of the Orcish Mines
 14204 | Orc:2    | Noticed appiemonkey's ghost (journeyman MiFi)
 14236 | Orc:2    | Killed appiemonkey's ghost
 14391 | Orc:2    | Noticed an orc warlord
 14598 | Orc:1    | HP: 5/105 [orc warlord/long sword (21)]
 14600 | Orc:1    | HP: 2/105 [orc warlord/long sword (4)]
 14601 | Orc:1    | Slain by an orc warlord

Skill      XL: |  1  2  3  4  5  6  7  8  9 10 11 12 13 |
---------------+----------------------------------------+-----
Axes           | 3 4 5 6 8 10 11 | 11.1
Shields        | 5 7 9 10 11 | 11.4
Invocations    | 3 6 8 10 | 10.1
Fighting       | 5 7 8 10 | 10.9
Armour         | 4 6 8 10 | 10.8

Action                   |  1- 3 |  4- 6 |  7- 9 | 10-12 | 13-15 || total
-------------------------+-------+-------+-------+-------+-------++-------
Melee: War axe           |    81 |    90 |   171 |   515 |   105 ||   962
       Hand axe          |       |    34 |    46 |       |       ||    80
       Kick              |       |       |    44 |    51 |       ||    95
       Unarmed           |       |       |       |     3 |       ||     3
Invok: Stomp             |       |       |     5 |    19 |     8 ||    32
 Abil: Dig               |       |     1 |     1 |       |       ||     2
  Use: Potion            |     2 |     2 |     1 |     5 |     1 ||    11
       Scroll            |       |     3 |    10 |    13 |     1 ||    27
 Stab: Paralysed         |       |       |     4 |    33 |     7 ||    44
  Eat: Chunk             |     1 |     6 |    14 |    30 |     3 ||    54
       Beef jerky        |       |       |     1 |     1 |       ||     2
       Royal jelly       |       |       |       |     1 |       ||     1
Armor: Scale mail        |    33 |    36 |    78 |   128 |       ||   275
       Ring mail         |       |       |       |    41 |    26 ||    67
Dodge: Dodged            |    32 |    31 |    57 |   135 |    26 ||   281
Block: Shield            |    52 |    58 |    77 |   259 |    75 ||   521
